 Dungeon Crawl Stone Soup version 0.23-a0-78-gc252fe1 (webtiles) character file.

42 Amnesiac the Gusty (level 3, 0/24 HPs)
             Began as a Mummy Air Elementalist on Aug 10, 2018.
             Slain by a hobgoblin (2 damage)
             ... on level 3 of the Dungeon.
             The game lasted 00:03:29 (950 turns).

Amnesiac the Gusty (Mummy Air Elementalist)          Turns: 950, Time: 00:03:29

Health: 0/24       AC:  2    Str: 11    XL:     3   Next: 35%
Magic:  1/7        EV: 12    Int: 15    God:
Gold:   45         SH:  0    Dex: 12    Spells: 5/8 levels left

rFire    x . .     SeeInvis .   a - +0 hunting sling
rCold    + . .     Gourm    .   (no shield)
rNeg     + + +     Faith    .   c - +0 robe
rPois    ∞         Spirit   .   (no helmet)
rElec    .         Reflect  .   (no cloak)
rCorr    .         Harm     .   (no gloves)
MR       .....                  (no boots)
Stlth    ++........             (no amulet)
HPRegen  0.08/turn              (no ring)
MPRegen  0.10/turn              (no ring)

@: very slightly contaminated
A: no food or potions, fire vulnerability, cold resistance 1, negative energy
resistance 3, torment resistance, unbreathing
a: no special abilities


You were on level 3 of the Dungeon.
You were not hungry.

You visited 1 branch of the dungeon, and saw 3 of its levels.

You collected 45 gold pieces.

Inventory:

Hand Weapons
 a - a +0 hunting sling (weapon)
Missiles
 d - 56 stones (quivered)
Armour
 c - a +0 robe (worn)
Scrolls
 b - a scroll of teleportation {!r, unknown}
 e - a scroll of identify {!r, unknown}
 f - a scroll of fog {!r, unknown}


   Skills:
 - Level 1.5 Dodging
 - Level 1.5 Stealth
 + Level 3.3 Spellcasting
 - Level 0.7 Conjurations
 * Level 3.4 Air Magic


You had 5 spell levels left.
You knew the following spells:

 Your Spells              Type           Power        Failure   Level  Hunger
a - Shock                 Conj/Air       #...         9%          1    N/A
z - Swiftness             Chrm/Air       #.......     14%         2    N/A

Your spell library contained the following spells:

 Spells                   Type           Power        Failure   Level  Hunger
 Lightning Bolt           Conj/Air       #.........   93%         5    N/A
 Airstrike                Air            ##........   43%         4    N/A
 Static Discharge         Conj/Air       #.......     26%         3    N/A

Dungeon Overview and Level Annotations

Branches:
Dungeon (3/15)

Altars:
Wu Jian


Innate Abilities, Weirdness & Mutations

You do not eat or drink.
Your flesh is vulnerable to fire.
You are immune to poison.
Your flesh is cold resistant. (rC+)
You are immune to negative energy. (rN+++)
You are immune to unholy pain and torment.
You can survive without breathing.


Message History

The adder is lightly wounded.
Firing (i - inventory)
d - 57 stones (quivered)
Press: ? - help, Shift-Dir - straight line, f/p - adder
Aim: an adder (lightly wounded)
You shoot a stone. The stone closely misses the adder.
The adder bites you.
There is an escape hatch in the floor here.
A hobgoblin comes into view.
The leopard gecko hisses angrily.
The hobgoblin shouts!
The adder bites you.
Found a brown potion.
Casting: Shock (safe; 9% risk of failure)
Confirm with . or Enter, or press ? or * to list all spells.
Aiming: Shock (safe; 9% risk of failure)
Press: ? - help, Shift-Dir - straight line, f/p - adder
Aim: an adder (lightly wounded)
The zap misses the adder. x2; The adder bites you. x2
Casting: Shock (safe; 9% risk of failure)
Confirm with . or Enter, or press ? or * to list all spells.
Aiming: Shock (safe; 9% risk of failure)
Press: ? - help, Shift-Dir - straight line, f/p - adder
Aim: an adder (lightly wounded)
The zap misses the adder. x2; The adder bites you but does no damage.
A worm comes into view.
Casting: Shock (safe; 9% risk of failure)
Confirm with . or Enter, or press ? or * to list all spells.
Aiming: Shock (safe; 9% risk of failure)
Press: ? - help, Shift-Dir - straight line, f/p - adder
Aim: an adder (lightly wounded)
The zap hits the adder.
The adder is heavily wounded.
The zap misses the adder.
The adder bites you.
Casting: Shock (safe; 9% risk of failure)
Confirm with . or Enter, or press ? or * to list all spells.
Aiming: Shock (safe; 9% risk of failure)
Press: ? - help, Shift-Dir - straight line, f/p - adder
Aim: an adder (heavily wounded)
You miscast Shock.
You are very lightly contaminated with residual magic.
Your skin tingles.
The adder bites you.
* * * LOW HITPOINT WARNING * * *
The leopard gecko bites you.
* * * LOW HITPOINT WARNING * * *
The adder bites you.
* * * LOW HITPOINT WARNING * * *
Casting: Shock (safe; 9% risk of failure)
Confirm with . or Enter, or press ? or * to list all spells.
Aiming: Shock (safe; 9% risk of failure)
Press: ? - help, Shift-Dir - straight line, f/p - adder
Aim: an adder (heavily wounded)
The zap hits the adder.
The adder is almost dead.
The zap misses the adder.
The leopard gecko barely misses you. The adder bites you but does no damage.
Unknown command.
Casting: Shock (safe; 9% risk of failure)
Confirm with . or Enter, or press ? or * to list all spells.
Aiming: Shock (safe; 9% risk of failure)
Press: ? - help, Shift-Dir - straight line, f/p - adder
Aim: an adder (almost dead)
The zap misses the adder.
The zap hits the adder.
You kill the adder!
The leopard gecko closely misses you. The hobgoblin hits you.
You die...

##..........
#.†......#
##.....##+####
#............##
#.............#
#..............
#....#...........
#....#...........
#....#..>@l.....!
#....#...†g...w..
#....#...........
.................
......####.....
........ .(...
######.. .(.. #.
##..


You could see a worm, a leopard gecko and a hobgoblin.

Vanquished Creatures
  An adder (D:3)
  2 oozes
  A worm (D:1)
  3 bats
  A giant cockroach (D:1)
  4 hobgoblins
  A quokka (D:3)
  2 frilled lizards
  3 goblins
  2 kobolds (D:3)
  4 rats
24 creatures vanquished.

Notes
Turn   | Place    | Note
-------+----------+-------------------------------------------
     0 | D:1      | Amnesiac the Mummy Air Elementalist began the quest for the Orb.
     0 | D:1      | Reached XP level 1. HP: 13/13 MP: 4/4
   325 | D:2      | Reached XP level 2. HP: 8/19 MP: 0/5
   371 | D:2      | Learned a level 2 spell: Swiftness
   552 | D:2      | You fall through a shaft!
   566 | D:3      | Found an ornate altar of the Wu Jian Council.
   824 | D:1      | Reached XP level 3. HP: 24/24 MP: 1/7
   950 | D:3      | Slain by a hobgoblin

Vault maps used:
D:1:      minmay_arrival_three_doors
D:2:      makhleb_blood_cavern_becter, minmay_pentomino_v4
D:3:      lemuel_coloured_pillars_altar, marbit_many_paths,
          gammafunk_ghost_cemetery, kennysheep_generic_room_16

Skill      XL: |  1  2 |
---------------+-------+-----
Air Magic      | 3 |  3.4
Spellcasting   | 3 |  3.3
Dodging        | |  1.5
Stealth        | |  1.5
Conjurations   | |  0.7

Action                   || total
-------------------------++-------
Melee: Unarmed           ||     4
 Fire: Hunting sling     ||    40
 Cast: Shock             ||    43
Armor: Robe              ||     7
Dodge: Dodged            ||    30

Table legend:
 A = Non-vault XP
 B = Vault XP
 C = Vault XP percentage of total XP
 D = Non-vault monster count
 E = Vault monster count
 F = Vault count percentage of total count
 G = Total turns spent on level
                 A         B        C        D         E       F
            +---------+---------+-------+---------+---------+-------
      Total |      61 |       0 |   0.0 |      24 |       0 |   0.0
            +---------+---------+-------+---------+---------+-------
        D:1 |      13 |       0 |   0.0 |       6 |       0 |   0.0
        D:2 |      16 |       0 |   0.0 |       7 |       0 |   0.0
        D:3 |      32 |       0 |   0.0 |      11 |       0 |   0.0
            +---------+---------+-------+---------+---------+-------
